 Dungeon Crawl Stone Soup version 0.31-a0-1074-g0b22e4e0f1 (webtiles) character file.

Game seed: 12087294866399934870

17730 Jeffwins the Summoner (level 12, -4/61 HPs)
             Began as a Vine Stalker Summoner on Dec 4, 2023.
             Was an Initiate of Gozag.
             Slain by a boulder beetle (16 damage)
             ... on level 13 of the Dungeon.
             The game lasted 00:23:33 (13432 turns).

Jeffwins the Summoner (Vine Stalker Summoner)      Turns: 13432, Time: 00:23:34

Health: -4/61      AC: 10    Str: 19    XL:     12   Next: 51%
Magic:  0/26       EV: 13    Int: 19    God:    Gozag
Gold:   1287       SH:  0    Dex: 14    Spells: 18/30 levels left

rFire   . . .        a - +10 dark maul {heavy}
rCold   . . .        (shield currently unavailable)
rNeg    . . .        M - +2 robe {Will+}
rPois   .            J - +0 helmet
rElec   .            f - +0 cloak
rCorr   .            (no gloves)
SInv    .            (no boots)
Will    ++...        (no amulet)
Stlth   +++          O - +4 ring of protection
HPRegen 1.10/turn    S - +6 ring of strength
MPRegen 0.20/turn

%: guardian spirit
@: gold aura
A: fangs 3, regeneration 1, magic shield, antimagic bite, no potion heal 2
a: Renounce Religion, Potion Petition, Call Merchant, Bribe Branch


You were on level 13 of the Dungeon.
You worshipped Gozag.
Gozag was most pleased with you.
You visited 3 branches of the dungeon, and saw 15 of its levels.

You collected 2101 gold pieces.
You spent 755 gold pieces at shops.
You paid 59 gold pieces to Gozag.


Innate Abilities, Weirdness & Mutations

You have razor-sharp teeth.
Your natural rate of healing is unusually fast.
When hurt, damage is shared between your health and your magic reserves.
Your bite disrupts and absorbs the magic of your enemies.
Potions cannot restore your health.


   Skills:
 + Level 6.2 Fighting
 * Level 5.6 Maces & Flails
 - Level 6.0 Polearms
 - Level 3.0 Dodging
 + Level 5.5 Stealth
 * Level 9.5 Spellcasting
 * Level 10.1 Summonings
 * Level 8.7 Translocations
 + Level 2.9 Evocations


You had 18 spell levels left.
You knew the following spells:

 Your Spells              Type           Power      Damage    Failure   Level
c - Manifold Assault      Tloc           42%        N/A       2%          4
x - Call Canine Familiar  Summ           47%        N/A       1%          3
z - Call Imp              Summ           94%        N/A       1%          2
I - Blink                 Tloc           84%        N/A       1%          2
X - Summon Small Mammal   Summ           100%       N/A       1%          1

Your spell library contained the following spells:

 Spells                   Type           Power      Damage    Failure   Level
 Summon Guardian Golem    Hex/Summ       28%        N/A       3%          3
 Kiss of Death            Conj/Necr      36%        2d8       8%          1
 Necrotise                Necr           36%        1d5       8%          1
 Shock                    Conj/Air       36%        1d5       8%          1
 Summon Lightning Spire   Summ/Air       28%        N/A       10%         4
 Inner Flame              Hex/Fire       9%         N/A       24%         3
 Swiftness                Air            9%         N/A       24%         3
 Airstrike                Air            4%         2d(1-17)  61%         4
 Flame Wave               Conj/Fire      9%         2d6       61%         4
 Sticky Flame             Conj/Fire      9%         2d3       61%         4

Inventory:

Hand Weapons
 a - the +10 dark maul (weapon) {heavy}
   (You bought it in a shop on level 5 of the Dungeon)
 b - a +0 trident
 s - a +0 spear
 H - a +2 mace of protection
 I - a +0 halberd
Missiles
 n - 43 poisoned darts (quivered)
 F - a curare-tipped dart {=f}
Armour
 f - a +0 cloak (worn)
 r - a +2 robe of positive energy
 J - a +0 helmet (worn)
 M - a +2 robe of willpower (worn)
 U - the +0 leather armour of the Loofah {rF+}
   (You took it off a kobold demonologist on level 12 of the Dungeon)

   rF+:       It protects you from fire.
Magical Staves
 j - a staff of cold
Jewellery
 C - a ring of ice
 L - a ring of flight
 N - a ring of positive energy
 O - a +4 ring of protection (left hand)
 R - a ring of resist corrosion
 S - a +6 ring of strength (right hand)
Talismans
 u - a beast talisman
Wands
 z - a wand of iceblast (11)
 E - a wand of charming (8)
Scrolls
 d - 7 scrolls of enchant weapon
 e - 4 scrolls of enchant armour
 g - 3 scrolls of fear
 h - a scroll of poison {!r}
 k - 3 scrolls of blinking
 l - 3 scrolls of brand weapon
 p - 4 scrolls of teleportation {@r4}
 v - 2 scrolls of fog
 x - 2 scrolls of silence {!r}
 y - 3 scrolls of amnesia {unknown}
 A - a scroll of revelation
 V - a scroll of summoning {unknown}
Potions
 c - 2 potions of ambrosia {unknown}
 i - 2 potions of brilliance {unknown}
 m - a potion of enlightenment {unknown}
 o - 2 potions of curing {@q1}
 q - 4 potions of heal wounds {unknown}
 t - 2 potions of might {unknown}
 w - a potion of haste {unknown}
 B - 3 potions of mutation {unknown}
 D - 2 potions of magic
 G - a potion of cancellation {unknown}
 K - a potion of lignification {unknown}
 P - a potion of resistance {unknown}
 Q - a potion of berserk rage {unknown}
 T - 4 potions of attraction {unknown}

Dungeon Overview and Level Annotations

Branches:
Dungeon (13/15)            Temple (1/1) D:4            Lair (1/5) D:9
    Orc (0/2) D:9
 Vaults: D:13-14

Altars:
Ashenzari
Cheibriados
Dithmenos
Elyvilon
Fedhas
Gozag
Hepliaklqana
Kikubaaqudgha
Makhleb
Nemelex Xobeh
Okawaru
Qazlal
Ru
Sif Muna
Trog
Uskayaw
Vehumet
Wu Jian
Xom
Yredelemnul
Zin
The Shining One

Shops:
D:5 *(   D:6 =:   D:12 [

Annotations:
D:4 1 runed translucent door, SecretSquirrel's ghost, amateur DsGl

...
..................######
>.......................
........................
...........!............
........................
........................
........................
.......@................
......$B................
........................
........................
........................
........................
........................
...................#####
....[.###


You could see a boulder beetle (blind).


Message History

You barely miss the boulder beetle. The boulder beetle bites you!
* * * LOW HITPOINT WARNING * * *
The boulder beetle misses you. The boulder beetle closely misses you.
The boulder beetle bites you!
* * * LOW HITPOINT WARNING * * *
Unknown command.
Casting: Manifold Assault (dangerous; 2% risk of failure)
Confirm with . or Enter, or press ? or * to list all spells.
You don't have enough magic to cast this spell.
Unknown command.
Unknown command.
Aiming: Bolt of Light
Press: ? - help, Shift-Dir - straight line, f - boulder beetle
Aim: a boulder beetle (severely wounded, 100% to hit)
The bolt of light hits the boulder beetle but does no damage.
The boulder beetle is severely wounded.
The boulder beetle is blinded.
The now-empty wand crumbles to dust.
Unknown command.
Unknown command.
Unknown command.
Casting: Manifold Assault (dangerous; 2% risk of failure)
Confirm with . or Enter, or press ? or * to list all spells.
Space momentarily warps into an impossible shape!
You barely miss the boulder beetle.
The boulder beetle bites you but does no damage.
The boulder beetle bites you!
* * * LOW HITPOINT WARNING * * *
The boulder beetle bites you!
You die...
Your body crumbles into a pile of gold.

Skill      XL: |  1  2  3  4  5  6  7  8  9 10 11 12 |
---------------+-------------------------------------+-----
Stealth        | 3 4 5 |  5.5
Fighting       | 1 2 3 4 5 6 |  6.2
Dodging        | 2 3 |  3.0
Spellcasting   | 3 4 5 6 7 9 |  9.5
Polearms       | 1 2 3 5 6 |  6.0
Summonings     | 5 6 7 8 9 10 | 10.1
Translocations | 1 2 3 5 6 8 |  8.7
Maces & Flails | 2 4 5 |  5.6
Evocations     | 2 |  2.9

Action                     |  1- 3 |  4- 6 |  7- 9 | 10-12 || total
---------------------------+-------+-------+-------+-------++-------
  Melee: Unarmed           |   131 |    89 |       |       ||   220
         Bite              |    39 |    38 |    63 |    13 ||   153
         Punch             |     4 |       |     3 |       ||     7
         Spear             |       |    56 |   119 |       ||   175
         Trident           |       |       |   163 |    40 ||   203
         Maul              |       |       |       |   178 ||   178
  Throw: Dart              |       |       |     5 |       ||     5
   Cast: Call Imp          |     2 |    10 |    39 |     5 ||    56
         Call Canine Famil |     1 |     7 |    35 |    22 ||    65
         Summon Small Mamm |       |     1 |       |       ||     1
         Manifold Assault  |       |       |       |   100 ||   100
  Evoke: Wand              |       |       |     5 |     5 ||    10
    Use: Scroll            |       |       |    11 |     2 ||    13
   Stab: Sleeping          |     5 |     8 |     8 |       ||    21
         Distracted        |       |     2 |     4 |     3 ||     9
 Armour: Robe              |    62 |    90 |   207 |   166 ||   525
  Dodge: Dodged            |    75 |    79 |   151 |   107 ||   412

Levels and vault maps discovered:
D:1:      denvon_arrival_planthouse, layout_basic, kennysheep_boxes
D:2:      layout_basic, kennysheep_jessica_study
D:3:      layout_basic, minmay_starry_boxes, uniq_jessica, uniq_robin
D:4:      layout_rooms, nicolae_ashenzari_panopticon, minmay_temple_entry_trees,
          hellmonk_ghost_happy_afterlife, nrook_uturn,
          serial_library_hellmonk_hallway_b
D:5:      cheibrodos_two_vegetables, layout_basic, serial_shops,
          nicolae_shop_bloodbath_and_beyond, nicolae_shop_overcharged_wands
D:6:      layout_basic, kennysheep_mini_moat, serial_shops,
          nicolae_shop_gaudy_bauble, nicolae_shop_vocational
D:7:      layout_loops_ring, ebering_dispersal_statue_hall
D:8:      nicolae_BIG_FREAKIN_CUBE, layout_basic, minitemple,
          nicolae_two_hexagons, minmay_misc_feat_diagonals
D:9:      layout_grid_maze, nzn_wu_jian_contemplation,
          mainiacjoe_overflow_concentric_impassable, erik_lair_island,
          orc_0_dummy, minivault_16, uniq_psyche
D:10:     layout_cave_pods, grunt_dithmenos_smoke, elyvilon_altar_5,
          dk_rats_in_the_wall
D:11:     layout_roguey
D:12:     layout_roguey, serial_shops, shop
D:13:     layout_layer_cave, serial_shops, shop, dreamdust_looks_like_rain
Temple:   eino_temple_lava
Lair:1:   layout_loops_ring, special_room [special_room_bee],
          minmay_lair_oklob_items, infiniplex_staircase_pool_2,
          lemuel_fruit_fields

Notes
Turn   | Place    | Note
-------+----------+-------------------------------------------
     0 | D:1      | Jeffwins the Vine Stalker Summoner began the quest for the
                  | Orb.
     0 | D:1      | Reached XP level 1. HP: 9/9 MP: 4/4
   333 | D:1      | Reached XP level 2. HP: 14/14 MP: 6/6
   359 | D:1      | Learned a level 2 spell: Call Imp
   451 | D:1      | Reached skill level 3 in Stealth
   585 | D:1      | Reached skill level 1 in Fighting
  1076 | D:2      | Reached skill level 2 in Dodging
  1138 | D:2      | Reached XP level 3. HP: 18/18 MP: 1/7
  1142 | D:2      | Learned a level 3 spell: Call Canine Familiar
  1424 | D:2      | Reached XP level 4. HP: 22/22 MP: 1/8
  1664 | D:2      | Noticed Jessica
  1676 | D:2      | Killed Jessica
  1733 | D:2      | Got Jessica's Compilation of Shadows
  1930 | D:3      | Reached skill level 3 in Spellcasting
  1930 | D:3      | Reached XP level 5. HP: 26/26 MP: 5/10
  1973 | D:3      | Noticed Robin
  1997 | D:3      | Killed Robin
  2008 | D:3      | Reached skill level 2 in Fighting
  2147 | D:3      | Reached skill level 4 in Stealth
  2150 | D:3      | Learned a level 2 spell: Blink
  2407 | D:3      | Reached XP level 6. HP: 25/30 MP: 6/12
  2873 | D:4      | Noticed a black bear
  2882 | D:4      | Killed a black bear
  2883 | D:4      | Reached skill level 1 in Polearms
  2940 | D:4      | Found a runed translucent door.
  2940 | D:4      | Noticed SecretSquirrel's ghost (amateur DsGl)
  2956 | D:4      | Reached skill level 5 in Summonings
  2990 | D:4      | Found a staircase to the Ecumenical Temple.
  3003 | Temple   | Entered the Ecumenical Temple
  3011 | Temple   | Became a worshipper of Gozag Ym Sagoz the Greedy
  3040 | D:4      | Reached skill level 1 in Translocations
  3040 | D:4      | Reached XP level 7. HP: 35/35 MP: 9/13
  3184 | D:4      | Found a broken altar of Ashenzari.
  3503 | D:5      | Entered Level 5 of the Dungeon
  3537 | D:5      | Found Goestryno's Overcharged Wands.
  3572 | D:5      | Found Uhedo's Weapon Boutique.
  3669 | D:5      | Reached skill level 4 in Spellcasting
  3703 | D:5      | Reached skill level 2 in Polearms
  3847 | D:5      | Reached skill level 2 in Translocations
  3872 | D:5      | Gained mutation: You have razor-sharp teeth. [Vine Stalker
                  | growth]
  3872 | D:5      | Reached XP level 8. HP: 24/39 MP: 7/15
  3939 | D:5      | Noticed a shadow
  3958 | D:5      | Killed a shadow
  3959 | D:5      | Reached skill level 3 in Dodging
  4169 | D:5      | Reached skill level 3 in Fighting
  4169 | D:5      | Reached skill level 5 in Stealth
  4395 | D:5      | Reached skill level 3 in Polearms
  4558 | D:5      | Reached skill level 3 in Translocations
  4597 | D:5      | Reached skill level 6 in Summonings
  4717 | D:5      | Reached skill level 5 in Spellcasting
  5014 | D:6      | Found Cujumnim's Jewellery Shop.
  5081 | D:6      | Found a blossoming altar of Fedhas.
  5218 | D:6      | Reached XP level 9. HP: 36/44 MP: 6/18
  5303 | D:6      | Found Xaymp's Vocational Training.
  5630 | D:6      | Reached skill level 4 in Translocations
  5761 | D:7      | Reached skill level 4 in Polearms
  6637 | D:8      | Reached skill level 6 in Spellcasting
  6689 | D:8      | Reached skill level 7 in Summonings
  6708 | D:8      | Reached skill level 4 in Fighting
  7130 | D:8      | Reached skill level 5 in Translocations
  7144 | D:8      | Reached skill level 5 in Polearms
  7167 | D:8      | Reached XP level 10. HP: 50/50 MP: 17/20
  7399 | D:8      | Found a burning altar of Makhleb.
  7400 | D:8      | Found a snail-covered altar of Cheibriados.
  7400 | D:8      | Found a shimmering blue altar of Sif Muna.
  7401 | D:8      | Found a hazy altar of Hepliaklqana.
  7403 | D:8      | Found a hide-covered altar of Uskayaw.
  7405 | D:8      | Found a stormy altar of Qazlal.
  7461 | D:8      | Noticed a two-headed ogre
  7536 | D:8      | Killed a two-headed ogre
  7537 | D:8      | Reached skill level 7 in Spellcasting
  7901 | D:5      | Bought the +10 dark maul {heavy} for 755 gold pieces
  7901 | D:5      | Found the +10 dark maul {heavy}
  7910 | D:5      | Learned a level 4 spell: Manifold Assault
  8032 | D:9      | Noticed an obsidian statue
  8033 | D:9      | Killed an obsidian statue
  8034 | D:9      | Reached skill level 8 in Summonings
  8034 | D:9      | Reached skill level 6 in Translocations
  8170 | D:9      | Found a glowing golden altar of the Shining One.
  8210 | D:9      | Reached skill level 1 in Maces & Flails
  8371 | D:9      | Found a staircase to the Orcish Mines.
  8476 | D:9      | Noticed Psyche
  8479 | D:9      | Killed Psyche
  8804 | D:9      | Reached skill level 6 in Polearms
  8929 | D:9      | Found an ornate altar of the Wu Jian Council.
  8970 | D:9      | Reached skill level 5 in Fighting
  8970 | D:9      | Reached skill level 2 in Maces & Flails
  9102 | D:9      | Found a staircase to the Lair.
  9332 | Lair:1   | Entered Level 1 of the Lair of Beasts
  9340 | Lair:1   | Reached XP level 11. HP: 55/55 MP: 5/23
  9461 | Lair:1   | Reached skill level 8 in Spellcasting
  9472 | Lair:1   | Reached skill level 3 in Maces & Flails
  9472 | Lair:1   | Reached skill level 7 in Translocations
  9493 | Lair:1   | Reached skill level 9 in Summonings
  9692 | Lair:1   | Reached skill level 1 in Evocations
  9829 | D:10     | Entered Level 10 of the Dungeon
 10423 | D:10     | Found a shadowy altar of Dithmenos.
 10433 | D:10     | You fall into a shaft and drop 3 floors!
 10482 | D:12     | Found Bengay's Antique Armour Shop.
 10513 | D:11     | Noticed a cyclops
 10515 | D:11     | Killed a cyclops
 10516 | D:11     | Reached skill level 4 in Maces & Flails
 10697 | D:11     | Noticed a two-headed ogre
 10698 | D:11     | Killed a two-headed ogre
 10725 | D:11     | Noticed a two-headed ogre
 10727 | D:11     | Killed a two-headed ogre
 10728 | D:11     | Reached skill level 2 in Evocations
 10734 | D:11     | Reached skill level 8 in Translocations
 10908 | D:11     | Noticed a manticore
 10910 | D:11     | Killed a manticore
 10911 | D:11     | Reached skill level 9 in Spellcasting
 11045 | D:11     | Reached XP level 12. HP: 60/60 MP: 13/26
 11475 | D:10     | Found a white marble altar of Elyvilon.
 12255 | D:12     | Noticed a boulder beetle
 12260 | D:12     | Killed a boulder beetle
 12261 | D:12     | Reached skill level 6 in Fighting
 12261 | D:12     | Reached skill level 5 in Maces & Flails
 12334 | D:12     | Identified the +0 leather armour of the Loofah {rF+}
 12779 | D:12     | Reached skill level 10 in Summonings
 13305 | D:13     | Noticed a centaur warrior
 13307 | D:13     | Noticed a boulder beetle
 13308 | D:13     | HP: 4/61 [acid (6)]
 13430 | D:13     | Killed a centaur warrior
 13432 | D:13     | Slain by a boulder beetle

Vanquished Creatures
  A centaur warrior (D:13)
  2 two-headed ogres (D:11)
  A boulder beetle (D:12)
  An obsidian statue (D:9)
  A deep elf pyromancer (D:11)
  An ugly thing (D:12)
  A manticore (D:11)
  4 cyclopes
  A black mamba (Lair:1)
  An unseen horror (D:10)
  2 gargoyles
  Psyche (D:9)
  2 kobold demonologists
  3 trolls
  A shadow (D:5)
  A wraith (D:12)
  2 vampires (D:11)
  17 yaks
  A wyvern (D:9)
  4 vampire mosquitoes
  2 water moccasins
  2 orc warriors
  A sky beast (D:7)
  A black bear (D:5)
  2 centaurs (D:10)
  2 ogres (D:6)
  4 wolves
  2 bullfrogs
  4 kobold brigands
  2 scorpions (D:5)
  7 wights
  A howler monkey (D:11)
  8 electric eels
  5 hounds
  A jelly (D:6)
  2 orc priests
  A gnoll bouda (D:8)
  2 iguanas
  2 orc wizards
  Robin (D:3)
  A gnoll (D:8)
  6 adders
  4 river rats (D:10)
  A worm (D:2)
  3 dart slugs
  14 orcs
  6 bats
  5 endoplasms
  3 giant cockroaches
  8 goblins
  10 hobgoblins
  A jackal (D:3)
  3 quokkas
  5 ball pythons
  3 frilled lizards
  27 kobolds
  9 rats
209 creatures vanquished.

Vanquished Creatures (collateral kills)
  A two-headed ogre (D:8)
  An unseen horror (D:12)
  4 yaks
  An orc warrior (D:7)
  A black bear (D:4)
  4 wolves
  A centaur (D:7)
  2 kobold brigands
  2 bullfrogs
  3 scorpions
  2 wights (D:8)
  An electric eel (D:9)
  An orc priest (D:7)
  5 hounds
  Jessica (D:2)
  3 iguanas
  5 adders
  2 gnolls (D:8)
  2 river rats (D:10)
  2 ufetubi (D:5)
  A worm (D:2)
  3 orcs
  2 giant cockroaches (D:3)
  A goblin (D:3)
  3 hobgoblins
  3 jackals (D:3)
  7 kobolds
  A ball python (D:4)
  A frilled lizard (D:2)
  9 rats (D:10)
75 creatures vanquished.

Vanquished Creatures (others)
  A wolf (D:9)
1 creature vanquished.

Grand Total: 285 creatures vanquished

Table legend: (Time is in decaauts)
 A = Elapsed time spent in this place.
 B = Non-inter-level travel time spent in this place.
 C = Inter-level travel time spent in this place.
 D = Time resting spent in this place.
 E = Time spent auto-exploring this place.
 F = Levels seen in this place.
 G = Mean time per level.
                   A        B        C        D        E       F      G
               +--------+--------+--------+--------+--------+-----+--------+
         Total |  13781 |  12976 |    805 |    841 |   9737 |  15 |  918.7 |
       Dungeon |  13639 |  12848 |    791 |    794 |   9737 |  13 | 1049.2 |
        Temple |     16 |      2 |     14 |      0 |      0 |   1 |   16.0 |
          Lair |    124 |    124 |      0 |     47 |      0 |   1 |  124.0 |
               +--------+--------+--------+--------+--------+-----+--------+

Top non-repeatable levels by time:
     D:9: 1817 daAuts
     D:5: 1469 daAuts
    D:12: 1294 daAuts
    D:10: 1285 daAuts
     D:8: 1202 daAuts
    D:11: 1137 daAuts
     D:3: 1036 daAuts
     D:7: 994 daAuts
     D:1: 980 daAuts
     D:6: 902 daAuts
     D:2: 857 daAuts
     D:4: 615 daAuts
  Lair:1: 124 daAuts
    D:13: 46 daAuts
  Temple: 16 daAuts

Table legend:
 A = Non-vault XP
 B = Vault XP
 C = Vault XP percentage of total XP
 D = Non-vault monster count
 E = Vault monster count
 F = Vault count percentage of total count
                 A         B        C        D         E       F
            +---------+---------+-------+---------+---------+-------
      Total |   22622 |    2707 |  10.7 |     225 |      59 |  20.8
            +---------+---------+-------+---------+---------+-------
        D:1 |      23 |       0 |   0.0 |      15 |       0 |   0.0
        D:2 |      77 |      39 |  33.6 |      20 |       2 |   9.1
        D:3 |      90 |     110 |  55.0 |      14 |      18 |  56.2
        D:4 |     360 |       0 |   0.0 |      17 |       0 |   0.0
        D:5 |     413 |     766 |  65.0 |      11 |       9 |  45.0
        D:6 |     735 |       0 |   0.0 |      18 |       0 |   0.0
        D:7 |     658 |       0 |   0.0 |      13 |       0 |   0.0
        D:8 |    2968 |       0 |   0.0 |      28 |       0 |   0.0
        D:9 |    1231 |    1697 |  58.0 |      20 |       9 |  31.0
       D:10 |    1477 |      95 |   6.0 |      15 |      21 |  58.3
       D:11 |    4923 |       0 |   0.0 |      18 |       0 |   0.0
       D:12 |    4984 |       0 |   0.0 |      15 |       0 |   0.0
       D:13 |     845 |       0 |   0.0 |       1 |       0 |   0.0
     Lair:1 |    3838 |       0 |   0.0 |      20 |       0 |   0.0
            +---------+---------+-------+---------+---------+-------
